 Dungeon Crawl Stone Soup version 0.16.0 (webtiles) character file.

223400 Sixotanaka the Brawler (level 18, -9/179 HPs)
             Began as a Troll Warper on Mar 21, 2015.
             Was a Priest of Cheibriados.
             Mangled by Ilsuiw
             ... wielding a +5 trident of freezing
              (11 damage)
             ... on level 5 of the Shoals on Mar 22, 2015.
             The game lasted 02:39:55 (41854 turns).

Sixotanaka the Brawler (Troll Warper)              Turns: 41854, Time: 02:39:55

Health: -9/179     AC: 23    Str: 32    XL:     18   Next: 56%
Magic:  14/25      EV: 21    Int: 21    God:    Cheibriados [***...]
Gold:   3207       SH:  0    Dex: 23    Spells: 7 memorised, 1 level left

rFire  . . .     SeeInvis .       - Unarmed
rCold  . . .     Clarity  .     p - +2 robe "Pryiwn" {Int+4 Slay+3 Stlth+}
rNeg   . . .     SustAb   .     (shield restricted)
rPois  .         Gourm    +     J - +2 hat
rElec  .         Spirit   .     l - +0 cloak
rCorr  +         Warding  .     (gloves unavailable)
rMut   .         Stasis   .     (boots unavailable)
MR     +....                    b - amulet of resist corrosion
Stlth  +++.......               H - +3 ring of protection
                                N - +6 ring of protection

@: lethally poisoned (-9 -> -10), stone skin, darkness, engulfed (cannot
breathe), drained, very slow, somewhat resistant to hostile enchantments, fairly
stealthy
A: unfitting armour, claws 3, fast metabolism 3, gourmand, regeneration 2,
shaggy fur 1, tough skin 2
a: Bend Time, Temporal Distortion, Renounce Religion
}: 1/15 runes: gossamer


You were on level 5 of the Shoals.
You worshipped Cheibriados.
Cheibriados was most pleased with you.
You were completely stuffed.

You visited 6 branches of the dungeon, and saw 38 of its levels.
You also visited: Labyrinth and Sewer.

You collected 3550 gold pieces.
You spent 343 gold pieces at shops.


Innate Abilities, Weirdness & Mutations

You are too large for most types of armour.
You have claws for hands.
Your metabolism is lightning-fast.
You like to eat raw meat.
You heal very quickly.
You are covered in fur (AC +1).
You have very tough skin (AC +2).


   Skills:
 - Level 11.2(10.9) Fighting
 - Level 1.8(1.6) Throwing
 - Level 1.2(1.0) Armour
 + Level 12.0(11.7) Dodging
 - Level 17.0(16.7) Unarmed Combat
 - Level 3.4(3.2) Spellcasting
 - Level 2.6(2.4) Translocations
 - Level 5.3(5.1) Transmutations
 + Level 15.8(15.4) Earth Magic
 - Level 8.8(8.5) Invocations
 - Level 5.1(4.8) Evocations


You had one spell level left.
You knew the following spells:

 Your Spells              Type           Power        Failure   Level  Hunger
a - Stoneskin             Trmt/Erth      #####...     1%          2    ##.....
b - Blink                 Tloc           N/A          10%         2    ##.....
e - Apportation           Tloc           ##........   6%          1    None
g - Regeneration          Chrm/Necr      #.........   43%         3    ###....
y - Portal Projectile     Tloc           ##....       17%         3    ###....
C - Lee's Rapid Deconstr  Erth           ######....   1%          5    ######.
X - Statue Form           Trmt/Erth      #####....    30%         6    #######


Dungeon Overview and Level Annotations

Branches:
Dungeon (15/15)            Temple (1/1) D:6            Lair (8/8) D:10
 Shoals (5/5) Lair:4       Spider (5/5) Lair:5        Slime (0/6) Lair:6
    Orc (4/4) D:9             Elf (0/3) Orc:3        Vaults (0/5) D:13
 Depths (0/5) D:15

Altars:
Ashenzari
Cheibriados
Dithmenos
Elyvilon
Fedhas
Gozag
Kikubaaqudgha
Makhleb
Nemelex Xobeh
Okawaru
Qazlal
Ru
Sif Muna
Trog
Vehumet
Xom
Yredelemnul
Zin
The Shining One
Jiyva

Shops:
D:13 (   Orc:2 ?   Orc:4 *?[:[   Shoals:4 }

Annotations:
Lair:3 exclusion: downstairs
Lair:6 1 runed door
Shoals:5 Ilsuiw

Inventory:

Hand weapons
 R - the +3 Elemental Staff {rElec rF++ rC++ MR++ AC+5}
   (You found it on level 5 of the Shoals)

   It affects your AC (+5).
   It greatly protects you from fire.
   It greatly protects you from cold.
   It insulates you from electricity.
   It affects your resistance to hostile enchantments.
Missiles
 e - 4 tomahawks of dispersal {!f}
 n - 6 javelins
 r - 36 large rocks
 v - 9 throwing nets
 B - 14 poisoned javelins (quivered)
 F - 54 tomahawks
Armour
 l - a +0 cloak (worn)
 p - the +2 robe "Pryiwn" (worn) {Int+4 Slay+3 Stlth+}
   (You found it on level 2 of the Lair of Beasts)

   It affects your intelligence (+4).
   It affects your accuracy and damage with ranged weapons and melee attacks
   (+3).
   It makes you more stealthy.
 q - the +4 skin of Zhor {rC+++}
   (You acquired it on level 4 of the Spider Nest)

   It renders you almost immune to cold.
 J - a +2 hat (worn)
 Y - a +3 large shield of reflection
   (You took it off a minotaur in a labyrinth)
Magical staves
 c - an uncursed staff of earth {!a}
Rods
 T - a +2 iron rod (13/13)
   (You found it on level 13 of the Dungeon)
 V - a +0 rod of destruction (12/12) {!a}
   (You found it on level 10 of the Dungeon)
Jewellery
 b - an amulet of resist corrosion (around neck)
 f - an uncursed ring of poison resistance
 H - a +3 ring of protection (right claw)
 N - a +6 ring of protection (left claw)
Magical devices
 g - a wand of heal wounds (3) {@v2}
 i - a wand of digging (14)
 I - a wand of teleportation (4) {@v4}
Scrolls
 k - 7 scrolls of recharging
 s - 10 scrolls of teleportation {@r4}
 w - 6 scrolls of fog
 y - 4 scrolls of fear
 D - 11 scrolls of remove curse {@r2}
 G - 7 scrolls of magic mapping
 O - a scroll of identify {@r1}
 Q - a scroll of summoning
 W - a scroll of holy word
Potions
 j - 6 potions of ambrosia {!q}
 m - 7 potions of heal wounds {@q2}
 o - 3 potions of restore abilities
 t - 4 potions of agility
 u - 3 potions of cure mutation
 x - a potion of cancellation
 z - 4 potions of magic
 A - 5 potions of might
 C - 4 potions of brilliance
 L - 3 potions of flight
 M - a potion of lignification {!q}
 S - 2 potions of resistance
 U - 7 potions of curing {@q1}
Miscellaneous
 d - a legendary deck of destruction {Vitriol, drawn: 1}
 E - an ornate deck of changes {drawn: 1}
 X - a fan of gales
Comestibles
 a - 7 meat rations
 h - 20 bread rations
 K - a chunk of flesh
 P - 28 fruits
 Z - 19 royal jellies

≈≈≈≈≈≈≈≈≈≈≈≈≈≈≈≈≈≈≈≈
≈≈≈≈≈≈≈≈≈≈≈≈≈≈..≈≈≈≈≈
≈≈≈≈≈≈≈≈≈≈≈≈≈...≈≈≈≈≈≈
≈≈≈≈≈≈≈≈≈≈≈≈≈≈≈≈≈≈≈≈≈≈≈
≈≈≈≈≈≈≈≈(≈≈≈≈≈≈≈≈≈≈≈≈≈≈≈
≈≈≈≈....≈≈≈...)≈≈≈≈≈≈≈≈≈
≈≈≈≈...≈≈≈..)).))≈≈≈≈≈≈≈
≈≈≈....≈≈).....(E{≈≈≈≈≈≈≈
≈≈≈...........).@..≈≈≈≈≈≈
≈≈≈≈.####..........≈≈≈≈≈≈
≈≈≈#≈≈≈≈##.........≈≈≈≈≈
≈≈#≈#≈≈≈≈##......≈≈≈≈m..
.≈≈#≈≈≈#≈≈##....≈≈≈≈≈≈..#
.#≈≈≈≈≈≈#≈≈#.(..≈≈≈≈≈≈≈..#
.#.≈≈≈≈#≈≈.#.(..≈≈≈≈≈≈..?#
.#.≈#≈#≈≈.≈#....≈≈≈≈≈....#
(##≈≈#≈≈≈#≈^≈.≈..........#


You could see a merfolk javelineer and a water elemental.


Message History

The water elemental barely misses you. The water elemental hits you.
Something hits you.
* * * LOW HITPOINT WARNING * * *
Something freezes you.
* * * LOW HITPOINT WARNING * * *
The merfolk javelineer throws a poisoned javelin.
The poisoned javelin completely misses you.
The poisoned javelin hits the water elemental!
The water elemental hits you.
* * * LOW HITPOINT WARNING * * *
The water elemental barely misses you.
The water elemental completely misses you.
Your magical contamination has completely faded away.
You see here a poisoned javelin.
Drink which item? (? for menu, Esc to quit)
You feel better.
* * * LOW HITPOINT WARNING * * *
Your lungs strain for air!
The merfolk javelineer throws a poisoned javelin.
The poisoned javelin hits you!
* * * LOW HITPOINT WARNING * * *
Something hits you but does no damage.
The water elemental completely misses you.
The water elemental misses you. x2
Read which item? (? for menu, Esc to quit)
Okay, then.
You feel much better.
This wand has 4 charges left.
* * * LOW HITPOINT WARNING * * *
Your lungs strain for air!
The merfolk javelineer throws a poisoned javelin.
The poisoned javelin hits you but does no damage.
You are poisoned.
The water elemental closely misses you. Something barely misses you.
The water elemental hits you.
The water elemental completely misses you.
You cannot cast spells while unable to breathe!
You cannot cast spells while unable to breathe!
Read which item? (? for menu, Esc to quit)
You cannot read scrolls while unable to breathe!
Unknown command.
You draw a card...
It is the Shadow.
It gets dark.
* * * LOW HITPOINT WARNING * * *
Your lungs strain for air!
You feel sick. The water elemental closely misses you.
The water elemental misses you. Something hits you.
* * * LOW HITPOINT WARNING * * *
Something freezes you.
* * * LOW HITPOINT WARNING * * *
The water elemental closely misses you.
You feel much better.
This wand has 3 charges left.
* * * LOW HITPOINT WARNING * * *
Your lungs strain for air!
The merfolk javelineer throws a poisoned javelin.
The poisoned javelin hits you!!
* * * LOW HITPOINT WARNING * * *
You are more poisoned.
The water elemental misses you. The water elemental hits you.
The water elemental misses you.
Read which item? (? for menu, Esc to quit)
Okay, then.
You can feel time thicken for a moment.
You destroy the water elemental! x2
You feel somewhat less full.
You can no longer inflict damage on those overly hasty.
Cheibriados reduces the support of your attributes as your movement quickens.
* * * LOW HITPOINT WARNING * * *
Your lungs strain for air!
You feel sick. Something hits you!
You die...

Action                   |  1- 3 |  4- 6 |  7- 9 | 10-12 | 13-15 | 16-18 || total
-------------------------+-------+-------+-------+-------+-------+-------++-------
Melee: Unarmed           |    85 |   291 |   231 |   498 |   953 |   790 ||  2848
Throw: Stone             |     6 |    16 |    14 |   156 |    28 |       ||   220
       Tomahawk          |       |       |     2 |    30 |    43 |   205 ||   280
       Throwing net      |       |       |       |     1 |       |       ||     1
       Large rock        |       |       |       |       |    27 |    46 ||    73
       Javelin           |       |       |       |       |       |    17 ||    17
 Cast: Apportation       |       |       |       |     2 |       |    25 ||    27
       Regeneration      |       |       |       |       |     8 |     6 ||    14
       Stoneskin         |       |       |       |       |     4 |     2 ||     6
       Lee's Rapid Decon |       |       |       |       |       |     2 ||     2
Invok: Bend Time         |       |       |     1 |       |       |       ||     1
       Slouch            |       |       |       |     1 |    14 |    30 ||    45
       Step From Time    |       |       |       |       |     1 |     1 ||     2
Evoke: Rod               |       |       |       |     8 |    30 |     5 ||    43
       Wand              |       |       |       |     2 |     8 |     2 ||    12
       Fan of gales      |       |       |       |       |     1 |       ||     1
       Deck              |       |       |       |       |       |     2 ||     2
  Use: Scroll            |     1 |     2 |     5 |    24 |    15 |    13 ||    60
       Potion            |       |     1 |     3 |     1 |     2 |     7 ||    14
 Stab: Sleeping          |       |     1 |       |    10 |    19 |    10 ||    40
       Distracted        |       |       |       |       |     7 |     4 ||    11
       Petrifying        |       |       |       |       |     1 |       ||     1
       Invisible         |       |       |       |       |       |     1 ||     1
  Eat: Chunk             |    12 |    30 |    27 |    58 |    72 |    56 ||   255
       Pizza             |       |       |       |       |     4 |       ||     4
       Beef jerky        |       |       |       |       |     1 |     1 ||     2
       Meat ration       |       |       |       |       |       |     6 ||     6
       Royal jelly       |       |       |       |       |       |     3 ||     3

Vault maps used:
D:1:      minmay_arrival_four_circles, minmay_vboxes
D:2:      mrwooster_statue_mirror
D:3:      overflow_temple_1_default, nicolae_overflow_hidden_temple,
          lemuel_round_altar, gup_sewer_entry_glass
D:4:      lemuel_round_altar, gammafunk_temple_overflow_elements, first_bread,
          hex_large
D:5:      corexii_shack_village, good_gods_temple_1, okawaru_trees_1,
          ashenzari_altar_1, grunt_ministairs_2
D:6:      nicolae_overflow_crystal_walls, minmay_temple_entry_junction2
D:7:      nicolae_whirlpool, uniq_edmund
D:8:      overflow_temple_1_default, hangedman_pestilent_swarm, st_stairs_11,
          kennysheep_kite_vault, uniq_gastronok
D:9:      orc_0_dummy, minmay_misc_feat_room
D:10:     dpeg_oklobed_lair
D:11:     uniq_joseph, uniq_nergalle
D:12:     serial_ice, serial_ice_l, serial_ice_o, serial_ice_n, serial_ice_f,
          portal_ice_cave_entry_ice_beasts, uniq_maurice, uniq_fannar
D:13:     david_vaults_1, serial_shops, shop, kb_tengu_band, uniq_grum
D:14:     special_room, minmay_misc_feat_more_columns, uniq_harold
D:15:     grunt_enter_depths_snipers, minmay_misc_feat_alley, grunt_ministairs_5
Temple:   circular_temple_6
Lair:1:   basic_altar, lemuel_fruit_tree, bh_autumn_forest_stairs
Lair:2:   cheibrodos_lair_reptile_den
Lair:4:   elwin_shoals_entry_stream, serial_bayou_crossing
Lair:5:   boulder_dual_corridor_run, spider_nest_entry_funnel_web,
          lab_entry_generic
Lair:6:   slime_altar_2, nicolae_quartered_pool_super,
          grunt_forest_stairs_clearing, lemuel_fruit_fields
Lair:7:   fungi_pond_lemuel, beast_lair_carwin_10, grunt_megastairs_2
Lair:8:   evilmike_catoblepas_cave
Shoals:1: uniq_josephine
Shoals:2: uniq_asterion
Shoals:3: serial_shops, shop, shop
Shoals:4: serial_shops, nicolae_shop_waterfront, hangedman_shoals_cup_caves
Shoals:5: shoals_end_hangedman, shoals_ilsuiw_alternative
Spider:1: spider_trap, guppyfry_spider_mini_2
Spider:3: spider_trap, uniq_donald
Spider:5: guppyfry_spider_rune, hangedman_spider_tarantella_strand,
          nicolae_spider_cling_ruins, uniq_arachne, uniq_kirke
Orc:2:    serial_shops, nicolae_shop_window_shopping
Orc:3:    nicolae_orc_pool_cavern, elves_outpost_lemuel
Orc:4:    st_orc_mages, serial_shops, nicolae_shop_overgrown_old_shop
Lab:      labyrinth_watery, nicolae_lab_arrow, labyrinth_skeletal_remains,
          nicolae_lab_very_dead_end, nicolae_lab_plus, nicolae_lab_grate,
          nicolae_lab_garden, lab_statue, nicolae_lab_flowing_pool,
          nicolae_lab_hexagon, nicolae_lab_x
Sewer:    sewer_co_scattered_pipes

Notes
Turn   | Place    | Note
--------------------------------------------------------------
     0 | D:1      | Sixotanaka, the Troll Warper, began the quest for the Orb.
     0 | D:1      | Reached XP level 1. HP: 19/19 MP: 2/2
   125 | D:1      | Reached skill level 1 in Throwing
   154 | D:1      | Reached XP level 2. HP: 26/28 MP: 2/2
   212 | D:1      | You fall through a shaft!
   494 | D:1      | Reached XP level 3. HP: 35/35 MP: 3/3
   767 | D:2      | Reached skill level 1 in Armour
   859 | D:2      | Reached XP level 4. HP: 42/42 MP: 4/4
   969 | D:2      | Reached skill level 2 in Fighting
  1256 | D:3      | Found a glowing drain.
  1269 | D:3      | Reached XP level 5. HP: 37/50 MP: 5/5
  1284 | Sewer    | Entered a sewer
  1937 | D:3      | Found a blossoming altar of Fedhas.
  1963 | D:3      | Reached skill level 3 in Unarmed Combat
  2059 | D:3      | Found a stormy altar of Qazlal.
  2085 | D:3      | HP: 9/50 [orc priest/divine providence (12)]
  2291 | D:3      | Reached skill level 4 in Unarmed Combat
  2525 | D:3      | Reached XP level 6. HP: 59/59 MP: 6/6
  2857 | D:3      | Found a radiant altar of Vehumet.
  3150 | D:4      | Reached skill level 5 in Unarmed Combat
  3192 | D:4      | Found a basalt altar of Yredelemnul.
  3514 | D:4      | Found a deep blue altar of Sif Muna.
  3514 | D:4      | Found an ancient bone altar of Kikubaaqudgha.
  3686 | D:5      | Entered Level 5 of the Dungeon
  3816 | D:5      | Found a glowing silver altar of Zin.
  3816 | D:5      | Found a white marble altar of Elyvilon.
  3817 | D:5      | Found a glowing golden altar of the Shining One.
  3982 | D:5      | Found an iron altar of Okawaru.
  4004 | D:5      | Reached skill level 6 in Unarmed Combat
  4004 | D:5      | Reached XP level 7. HP: 34/66 MP: 6/6
  4135 | D:5      | Found a shattered altar of Ashenzari.
  4529 | D:6      | Reached skill level 7 in Unarmed Combat
  4861 | D:6      | Reached skill level 8 in Unarmed Combat
  4861 | D:6      | Reached XP level 8. HP: 56/74 MP: 7/7
  5080 | D:6      | Found a shadowy altar of Dithmenos.
  5109 | D:6      | Reached skill level 9 in Unarmed Combat
  5264 | D:6      | Found a staircase to the Ecumenical Temple.
  5285 | Temple   | Entered the Ecumenical Temple
  5312 | Temple   | Became a worshipper of Cheibriados the Contemplative
  5902 | D:7      | Reached skill level 10 in Unarmed Combat
  6179 | D:7      | Acquired Cheibriados' first power
  6187 | D:7      | Noticed Edmund
  6201 | D:7      | Killed Edmund
  6201 | D:7      | Reached XP level 9. HP: 80/80 MP: 8/8
  6304 | D:7      | Reached skill level 11 in Unarmed Combat
  6670 | D:7      | Reached skill level 12 in Unarmed Combat
  6899 | D:8      | Reached skill level 13 in Unarmed Combat
  7106 | D:8      | Noticed Gastronok
  7229 | D:7      | Acquired Cheibriados' second power
  7230 | D:7      | zzxc: take2?
  7255 | D:8      | zzxc: im sure one day you will win a troll
  7285 | D:7      | HP: 20/80 [killer bee (6)]
  7287 | D:7      | Reached XP level 10. HP: 14/88 MP: 6/9
  7292 | D:7      | HP: 16/88 [poisoned by a killer bee]
  7301 | D:7      | HP: 20/88 [poisoned by a killer bee]
  7514 | D:7      | Sixotanaka: lol
  7514 | D:7      | Sixotanaka: ya
  7711 | D:8      | Got a tattered robe
  7722 | D:8      | Identified the cursed -1 robe of the Harvest {rN+ rCorr Str-3} (You found it on level 8 of the Dungeon)
  7746 | D:8      | zzxc: scrolling websites
  7750 | D:8      | zzxc: piss me off
  8134 | D:8      | Acquired Cheibriados' third power
  8134 | D:8      | Reached skill level 2 in Dodging
  8936 | D:10     | Entered Level 10 of the Dungeon
  8938 | D:10     | Reached skill level 3 in Dodging
  9140 | D:10     | Noticed a hill giant
  9149 | D:10     | Killed a hill giant
  9149 | D:10     | Reached skill level 4 in Dodging
  9459 | D:10     | Found a staircase to the Lair.
  9498 | D:10     | Identified a +0 rod of destruction (12/12) (You found it on level 10 of the Dungeon)
  9970 | D:11     | Noticed Joseph
  9975 | D:11     | Killed Joseph
  9975 | D:11     | Reached skill level 1 in Evocations
  9987 | D:11     | Reached skill level 5 in Dodging
  9987 | D:11     | Reached skill level 2 in Evocations
  9996 | D:10     | Acquired Cheibriados' fourth power
 10096 | D:11     | Reached skill level 3 in Evocations
 10229 | D:11     | Noticed a griffon
 10243 | D:11     | Killed a griffon
 10346 | D:11     | Reached skill level 6 in Dodging
 10384 | D:11     | Learned a level 3 spell: Regeneration
 10387 | D:11     | Learned a level 2 spell: Blink
 10391 | D:11     | Learned a level 3 spell: Teleport Other
 10394 | D:11     | Learned a level 2 spell: Stoneskin
 10500 | D:11     | Noticed a brown ugly thing
 10506 | D:11     | Killed a brown ugly thing
 10506 | D:11     | Reached skill level 4 in Evocations
 10506 | D:11     | Reached XP level 11. HP: 94/94 MP: 11/11
 10836 | D:11     | Noticed Nergalle
 10850 | D:12     | Noticed Fannar
 10897 | Lair:1   | Entered Level 1 of the Lair of Beasts
 10931 | Lair:1   | Reached skill level 1 in Invocations
 10937 | Lair:1   | Reached skill level 2 in Invocations
 11113 | Lair:1   | Found an iron altar of Okawaru.
 11197 | Lair:1   | Reached skill level 7 in Dodging
 11345 | Lair:1   | Reached skill level 3 in Invocations
 11426 | Lair:1   | You fall through a shaft!
 11938 | Lair:2   | Reached skill level 4 in Invocations
 12220 | Lair:2   | Got a fabulously ornate robe
 12221 | Lair:2   | Identified the +2 robe "Pryiwn" {Int+4 Slay+3 Stlth+} (You found it on level 2 of the Lair of Beasts)
 12519 | Lair:1   | Learned a level 6 spell: Statue Form
 12534 | Lair:3   | Reached skill level 14 in Unarmed Combat
 12572 | Lair:3   | Reached skill level 2 in Spellcasting
 13297 | Lair:3   | Reached skill level 5 in Invocations
 13494 | Lair:4   | Noticed a seven-headed hydra
 13680 | Lair:4   | Reached skill level 3 in Spellcasting
 13683 | Lair:4   | Reached XP level 12. HP: 73/104 MP: 16/16
 13692 | Lair:4   | Found a staircase to the Shoals.
 13699 | Lair:4   | Reached skill level 6 in Invocations
 14000 | Lair:4   | Reached skill level 7 in Invocations
 14599 | Lair:4   | Reached skill level 8 in Invocations
 15008 | Lair:5   | Found a labyrinth entrance.
 15018 | Lab      | Entered a labyrinth
 15124 | Lab      | Fiveotanaka: you can do it :D
 15242 | Lab      | Fiveotanaka: at the stage where I want to use another armor apart from FDA
 15261 | Lab      | Fiveotanaka: so ill have to figure that out in the morning
 15270 | Lab      | Sixotanaka: ya
 15274 | Lab      | Fiveotanaka: maybe QDA
 15292 | Lab      | Noticed a minotaur
 15294 | Lab      | Fiveotanaka: have 2 pieces with rF and rN
 15305 | Lab      | Killed a minotaur
 15419 | Lair:5   | Noticed a four-headed hydra
 15423 | Lair:5   | Noticed a six-headed hydra
 15426 | Lair:5   | Killed a four-headed hydra
 15426 | Lair:5   | Reached skill level 1 in Earth Magic
 15609 | Lair:1   | Learned a level 1 spell: Apportation
 15613 | Lair:1   | Learned a level 3 spell: Portal Projectile
 15730 | Lair:6   | Reached skill level 2 in Earth Magic
 16113 | Lair:6   | Reached skill level 3 in Earth Magic
 16325 | Lair:6   | Noticed a six-headed hydra
 16330 | Lair:6   | Killed a six-headed hydra
 16606 | Lair:6   | Found a runed door.
 16606 | Lair:6   | Found a viscous altar of Jiyva.
 16609 | Lair:6   | Found a staircase to the Slime Pits.
 16883 | Lair:6   | Reached skill level 15 in Unarmed Combat
 17117 | Lair:7   | Reached XP level 13. HP: 81/110 MP: 21/21
 17182 | Lair:7   | Reached skill level 4 in Earth Magic
 17663 | Lair:7   | Reached skill level 5 in Earth Magic
 17812 | Lair:7   | Fiveotanaka: umm
 17820 | Lair:7   | Fiveotanaka: did they change tart
 17838 | Lair:7   | Sixotanaka: ?
 17843 | Lair:7   | Fiveotanaka: no walls to blast off
 17871 | Lair:7   | Sixotanaka: lol
 17871 | Lair:7   | Sixotanaka: tart is alwyas diff
 17942 | Lair:8   | Entered Level 8 of the Lair of Beasts
 18034 | Lair:8   | Reached skill level 16 in Unarmed Combat
 18055 | Lair:8   | Reached skill level 6 in Earth Magic
 18683 | Lair:8   | Reached skill level 8 in Dodging
 18683 | Lair:8   | Reached skill level 7 in Earth Magic
 18768 | Lair:8   | Reached XP level 14. HP: 96/118 MP: 22/22
 18784 | Lair:8   | HP: 27/118 [death yak (15)]
 19154 | Lair:8   | Reached skill level 8 in Earth Magic
 19217 | Lair:8   | Reached skill level 9 in Dodging
 19333 | Lair:8   | Identified the Volume of Feathery Creation (You found it on level 8 of the Lair of Beasts)
 19808 | D:11     | Killed Nergalle
 20535 | D:12     | Killed Fannar
 20750 | D:12     | Reached skill level 10 in Dodging
 20950 | D:12     | Noticed a hill giant
 20955 | D:12     | Killed a hill giant
 21258 | D:12     | Noticed Maurice
 21266 | D:12     | Killed Maurice
 21510 | D:13     | Reached skill level 11 in Dodging
 21663 | D:13     | Found Sakeink's Antique Weapon Shoppe.
 21859 | D:13     | Reached skill level 3 in Fighting
 21998 | D:13     | Reached skill level 9 in Earth Magic
 22018 | D:13     | Noticed Grum
 22021 | D:13     | Killed Grum
 22137 | D:13     | Reached skill level 4 in Fighting
 22179 | D:13     | Found a gate to the Vaults.
 22343 | D:14     | Noticed Harold
 22353 | D:14     | Reached XP level 15. HP: 129/131 MP: 23/23
 22360 | D:14     | Killed Harold
 22758 | D:14     | Identified a scroll of acquirement
 22799 | D:14     | Reached skill level 5 in Fighting
 22906 | D:14     | Reached skill level 10 in Earth Magic
 23432 | D:9      | Found a staircase to the Orcish Mines.
 23607 | D:8      | Killed Gastronok
 23653 | D:8      | Found a bloodstained altar of Trog.
 23940 | D:8      | Reached skill level 6 in Fighting
 24326 | Orc:1    | Entered Level 1 of the Orcish Mines
 24707 | Orc:2    | Found Mnitod's Magic Scroll Emporium.
 24756 | Orc:2    | Bought a scroll of identify for 26 gold pieces
 24756 | Orc:2    | Bought a scroll of identify for 26 gold pieces
 25501 | Orc:3    | Found a staircase to the Elven Halls.
 25749 | Orc:4    | Entered Level 4 of the Orcish Mines
 25963 | Orc:4    | Found Shell's Antique Armour Boutique.
 26319 | Orc:4    | Paralysed by an orc sorcerer for 2 turns
 26324 | Orc:4    | Paralysed by an orc sorcerer for 2 turns
 26462 | Orc:4    | Found Vowk's Assorted Antiques.
 26469 | Orc:4    | Found Tom Eclo's Antique Armour Boutique.
 26473 | Orc:4    | Found Thiezxir's Book Boutique.
 26494 | Orc:4    | Found Phiysuut's Magic Scroll Shop.
 26538 | Orc:4    | Bought a scroll of teleportation for 48 gold pieces
 26540 | Orc:4    | Bought an embroidered hat for 108 gold pieces
 26554 | Orc:4    | Bought a potion of curing for 81 gold pieces
 26554 | Orc:4    | Bought a scroll of identify for 54 gold pieces
 26956 | D:13     | Reached skill level 11 in Earth Magic
 26977 | D:14     | Reached skill level 7 in Fighting
 26991 | D:15     | Entered Level 15 of the Dungeon
 27458 | D:15     | Found a staircase to the Depths.
 27459 | D:15     | Reached skill level 8 in Fighting
 28069 | Lair:4   | Killed a seven-headed hydra
 28149 | Lair:5   | Killed a six-headed hydra
 28386 | Lair:5   | Reached XP level 16. HP: 146/153 MP: 24/24
 28545 | Lair:5   | Found a hole to the Spider Nest.
 28877 | Spider:1 | Entered Level 1 of the Spider Nest
 28882 | Spider:1 | Reached skill level 12 in Earth Magic
 29102 | Spider:1 | Reached skill level 9 in Fighting
 31641 | Spider:3 | Reached skill level 13 in Earth Magic
 31824 | Spider:3 | Noticed Donald
 31825 | Spider:3 | Reached skill level 10 in Fighting
 31833 | Spider:3 | Killed Donald
 33329 | Spider:4 | HP: 34/161 [wolf spider[a torpor snail] (15)]
 33331 | Spider:4 | HP: 16/161 [wolf spider[a torpor snail] (8)]
 34358 | Spider:4 | Reached XP level 17. HP: 169/169 MP: 25/25
 34365 | Spider:4 | Learned a level 5 spell: Lee's Rapid Deconstruction
 34466 | Spider:5 | Entered Level 5 of the Spider Nest
 34466 | Spider:5 | Noticed Kirke
 34555 | Spider:5 | Reached skill level 11 in Fighting
 34710 | Spider:5 | Reached skill level 1 in Transmutations
 34747 | Spider:5 | Noticed Arachne
 34759 | Spider:5 | Killed Arachne
 34764 | Spider:5 | Killed Kirke
 34764 | Spider:5 | Reached skill level 2 in Transmutations
 34778 | Spider:5 | Reached skill level 14 in Earth Magic
 35446 | Spider:5 | Reached skill level 3 in Transmutations
 36062 | Spider:5 | Reached skill level 4 in Transmutations
 36100 | Spider:5 | Got a gossamer rune of Zot
 36516 | Shoals:1 | Entered Level 1 of the Shoals
 36742 | Shoals:1 | Noticed Josephine
 36749 | Shoals:1 | Killed Josephine
 37680 | Shoals:2 | Noticed Asterion
 37827 | Shoals:2 | Killed Asterion
 37827 | Shoals:2 | Reached skill level 5 in Transmutations
 38271 | Shoals:3 | Reached skill level 17 in Unarmed Combat
 38453 | Shoals:3 | Reached XP level 18. HP: 172/179 MP: 25/25
 38802 | Shoals:3 | Reached skill level 15 in Earth Magic
 38808 | Shoals:3 | Reached skill level 5 in Evocations
 39514 | Shoals:4 | Found Wighausm's Gadget Shoppe.
 41239 | Shoals:5 | Entered Level 5 of the Shoals
 41430 | Shoals:5 | Noticed Ilsuiw
 41440 | Shoals:5 | HP: 36/179 [Ilsuiw/shard of ice (34)]
 41445 | Shoals:5 | HP: 37/179 [poisoned by a merfolk javelineer]
 41450 | Shoals:5 | HP: 39/179 [poisoned by a merfolk javelineer]
 41458 | Shoals:5 | HP: 43/179 [poisoned by a merfolk javelineer]
 41769 | Shoals:5 | Reached skill level 12 in Dodging
 41849 | Shoals:5 | HP: 28/179 [merfolk javelineer/poisoned javelin (18)]
 41849 | Shoals:5 | HP: 13/179 [water elemental[Ilsuiw] (5)]
 41850 | Shoals:5 | HP: 4/179 [merfolk javelineer/poisoned javelin (10)]
 41854 | Shoals:5 | Mangled by Ilsuiw

Vanquished Creatures
  Arachne (Spider:5)
  Asterion (Shoals:2)
  Kirke (Spider:5)
  7 ghost moths
  Donald (Spider:3)
  Gastronok (D:8)
  8 emperor scorpions
  2 merfolk javelineers
  A minotaur (Lab)
  Josephine (Shoals:1)
  Fannar (D:12)
  Harold (D:14)
  A yaktaur captain (D:15)
  4 centaur warriors
  4 catoblepae
  4 merfolk avatars
  6 hydras
  17 death yaks
  A merfolk aquamancer (Shoals:5)
  An orc high priest (Orc:4)
  2 satyrs
  A tengu warrior (D:13)
  Nergalle (D:11)
  15 sea snakes
  A wizard (D:13)
  2 deep elf conjurers (Orc:3)
  An unseen horror (D:14)
  23 orb spiders
  A necromancer (D:13)
  6 griffons
  6 hill giants
  20 harpies
  2 moths of wrath
  28 ugly things
  A sixfirhy (Orc:4)
  13 fauns
  5 elephants (Lair:7)
  3 black mambas
  4 orc sorcerers (Orc:4)
  27 wolf spiders
  3 hornets
  16 sirens
  8 water nymphs
  10 manticores
  12 cyclopes
  Maurice (D:12)
  Joseph (D:11)
  4 torpor snails
  2 drowned souls
  5 centaur skeletons
  4 gargoyles
  A smoke demon (Orc:4)
  9 spiny frogs
  2 yaktaurs
  8 komodo dragons
  2 efreet
  A queen bee (D:14)
  20 demonic crawlers
  A tengu conjurer (D:13)
  3 polar bears
  39 jumping spiders
  24 merfolk
  4 trolls
  4 two-headed ogres
  A wind drake (Shoals:4)
  A polar bear (shapeshifter) (D:13)
  A raiju (shapeshifter) (D:13)
  A wind drake (shapeshifter) (D:15)
  2 fire drakes
  11 slime creatures
  19 blink frogs
  3 ravens (D:13)
  11 snapping turtles
  7 wandering mushrooms (Lair:7)
  9 wraiths
  3 deep elf magi
  40 redbacks
  A spriggan (Lair:6)
  A trapdoor spider zombie (D:13)
  2 basilisks
  18 trapdoor spiders
  15 hippogriffs
  13 water elementals
  2 steam dragons
  47 yaks
  2 shadows (D:11)
  20 tarantellas
  Grum (D:13)
  A chaos spawn (Orc:4)
  2 wyverns
  3 hungry ghosts
  5 vampire mosquitoes
  10 deep elf fighters (Orc:3)
  2 wargs
  A hog (Spider:5)
  Edmund (D:7)
  22 wolves
  3 soldier ants
  16 ice beasts
  31 spiders
  An eye of draining (D:8)
  26 water moccasins
  20 orc warriors
  10 porcupines
  4 black bears
  A necrophage (D:12)
  7 wasps
  5 phantoms
  6 ogres
  7 sky beasts
  16 centaurs
  12 crocodiles
  A brain worm (D:13)
  2 big kobolds (D:13)
  An earth elemental (Lab)
  A gnoll sergeant (D:11)
  22 giant frogs
  11 scorpions
  2 jellies
  10 wights
  A wyvern skeleton (D:11)
  2 spriggan skeletons (Lab)
  45 killer bees
  2 electric eels
  A troll skeleton (Lab)
  2 goliath beetles (D:8)
  9 crimson imps
  2 giant frog skeletons
  A gnoll shaman (D:4)
  8 centaur zombies
  A giant frog zombie (D:12)
  A wasp zombie (D:7)
  27 orc priests
  A quasit (D:7)
  6 hounds
  10 iguanas
  38 orc wizards
  12 worker ants
  31 sheep
  A giant frog simulacrum (D:12)
  A hound zombie (D:8)
  3 hound skeletons
  28 adders
  15 gnolls
  52 river rats
  A worker ant zombie (D:9)
  2 giant mites
  5 white imps (D:12)
  3 worms
  4 shadow imps
  An adder zombie (D:5)
  9 giant geckos
  An ooze (D:1)
  163 orcs
  6 ball pythons
  7 giant cockroaches
  22 hobgoblins
  35 jackals
  22 kobolds
  17 quokkas
  16 bats
  11 giant newts
  22 goblins
  8 orc zombies (Orc:4)
  A quokka zombie (D:9)
  21 rats
  A butterfly (Lair:6)
  14 plants
1595 creatures vanquished.

Vanquished Creatures (collateral kills)
  A death yak (Lair:8)
  A yak (Lair:8)
2 creatures vanquished.

Vanquished Creatures (others)
  10 drowned souls
  A water elemental (D:12)
  3 humans (Spider:5)
  A spider (Spider:3)
  2 fungi (Lair:4)
17 creatures vanquished.

Grand Total: 1614 creatures vanquished
